 Dungeon Crawl Stone Soup version 0.29.1-13-g9f3cf754e1 (webtiles) character file.

Game seed: 2182953688319231653

376 Thatpatchoflichen the Chopper (level 6, -6/56 HPs)
             Began as a Hill Orc Gladiator on Jan 29, 2023.
             Mangled by a gnoll
             ... wielding a +0 halberd
              (10 damage)
             ... on level 4 of the Dungeon.
             The game lasted 00:08:49 (4294 turns).

Thatpatchoflichen the Chopper (Hill Orc Gladiator)  Turns: 4294, Time: 00:08:49

Health: -6/56      AC:  9    Str: 19    XL:     6   Next: 73%
Magic:  6/6        EV: 12    Int: 12    God:
Gold:   200        SH:  0    Dex: 15    Spells: 5/5 levels left

rFire   . . .      SeeInvis .   a - +0 war axe
rCold   . . .      Faith    .   (no shield)
rNeg    . . .      Spirit   .   x - +3 leather armour of Parsimonious Happiness {rCorr Int+4 Dex+3}
rPois   .          Reflect  .   v - +1 helmet
rElec   .          Harm     .   (no cloak)
rCorr   +          Rampage  .   (no gloves)
Will    .....                   n - +0 pair of boots
Stlth   +.........              (no amulet)
HPRegen 0.18/turn               f - ring of flight
MPRegen 0.10/turn               (no ring)

@: flying
A: no striking features
a: no special abilities


You were on level 4 of the Dungeon.
You visited 1 branch of the dungeon, and saw 4 of its levels.

You collected 200 gold pieces.

Inventory:

Hand Weapons
 a - a +0 war axe (weapon)
Missiles
 d - 3 throwing nets (quivered)
 e - 4 javelins
 k - 12 poisoned darts
Armour
 h - a +0 chain mail
 n - a +0 pair of boots (worn)
 v - a +1 helmet (worn)
 x - the +3 leather armour of Parsimonious Happiness (worn) {rCorr Int+4 Dex+3}
   (You found it on level 3 of the Dungeon)

   Int:       It affects your intelligence (+4).
   Dex:       It affects your dexterity (+3).
   rCorr:     It protects you from acid and corrosion.
Jewellery
 f - a ring of flight (left hand)
Scrolls
 b - a scroll of enchant armour {unknown}
 c - a scroll of noise {unknown}
 g - 2 scrolls of teleportation
 i - a scroll of brand weapon {unknown}
 p - a scroll of vulnerability {unknown}
 s - a scroll of immolation {unknown}
 t - 2 scrolls of identify
 w - a scroll of amnesia {unknown}
Potions
 j - a potion of cancellation {unknown}
 l - 2 potions of mutation
 m - a potion of curing
 o - a potion of resistance {unknown}
 q - a potion of lignification {unknown}
 r - 2 potions of attraction
 u - a potion of degeneration {unknown}


   Skills:
 + Level 5.4 Fighting
 - Level 6.0 Axes
 - Level 1.7 Throwing
 + Level 4.2 Armour
 - Level 2.4 Dodging


You had 5 spell levels left.
You didn't know any spells.
Your spell library was empty.

Dungeon Overview and Level Annotations

Branches:
Dungeon (4/15)
 Temple: D:4-7

Altars:
Wu Jian

Shops:
D:1 =   D:4 ?

Annotations:
D:3 3 runed translucent doors, booth's ghost, weakling DsGl; devnull's ghost, amateur DsNe; rakiston's ghost, amateur MfIE


Message History

The gnoll is moderately wounded.
You hit the gnoll. The gnoll hits you with a +0 spear!
The gnoll barely misses you. x2
You slash the gnoll!
You kill the gnoll!
You barely miss the gnoll. The gnoll closely misses you. x2
The gnoll barely misses you.
The gnoll hits you from afar with a +0 halberd.
You see here a +0 spear.
You completely miss the gnoll.
The gnoll is moderately wounded.
The gnoll closely misses you.
The gnoll hits you from afar with a +0 halberd!
You slash the gnoll!
The gnoll is almost dead.
The gnoll hits you with a +0 flail.
The gnoll hits you from afar with a +0 halberd!
You completely miss the gnoll.
The gnoll is almost dead.
The gnoll barely misses you. x2; The gnoll hits you but does no damage.
The gnoll misses you.
You barely miss the gnoll.
The gnoll is almost dead.
The gnoll closely misses you.
The gnoll hits you from afar with a +0 halberd.
* * * LOW HITPOINT WARNING * * *
You closely miss the gnoll.
The gnoll is almost dead.
The gnoll misses you.
The gnoll hits you from afar with a +0 halberd.
* * * LOW HITPOINT WARNING * * *
You hit the gnoll.
You kill the gnoll!
The gnoll misses you. The gnoll closely misses you.
The gnoll barely misses you.
You barely miss the gnoll. The gnoll hits you with a +0 halberd.
* * * LOW HITPOINT WARNING * * *
You barely miss the gnoll. The gnoll hits you with a +0 halberd!
You die...

.............#...~~..#.......#...
.............#..~~~..#.......#...
.............#~~~~~~~#.......#...
............##~~~~~~~#########...
............##########.......#...
.....................#.......#...
.....................#.......#...
....................#.......#...
........@g...#.......'...
......))....##########...
....###'#####............
....##......#.........###
............#.........#
............'.........#
............#.........#
............#...).....#
....##................#


You could see a gnoll.

Vanquished Creatures
  A black bear (D:4)
  A hound (D:4)
  2 iguanas (D:4)
  An orc priest (D:4)
  Robin (D:3)
  2 gnolls (D:4)
  3 adders
  3 worms
  3 dart slugs
  9 orcs
  8 endoplasms
  4 giant cockroaches
  14 goblins
  4 hobgoblins
  7 jackals (D:1)
  A quokka (D:1)
  8 ball pythons
  8 bats
  2 frilled lizards
  4 kobolds
  4 rats
90 creatures vanquished.

Vanquished Creatures (others)
  6 plants (D:1)
  3 withered plants (D:3)
9 creatures vanquished.

Grand Total: 99 creatures vanquished

Notes
Turn   | Place    | Note
-------+----------+-------------------------------------------
     0 | D:1      | Thatpatchoflichen the Hill Orc Gladiator began the quest
                  | for the Orb.
     0 | D:1      | Reached XP level 1. HP: 18/18 MP: 1/1
   194 | D:1      | Reached XP level 2. HP: 16/25 MP: 2/2
   392 | D:1      | Found Luenwegu's Jewellery Shoppe.
   408 | D:1      | Reached skill level 1 in Armour
   546 | D:1      | Found a faded altar of an unknown god.
   635 | D:1      | Reached XP level 3. HP: 31/31 MP: 3/3
  1398 | D:2      | Reached XP level 4. HP: 16/38 MP: 4/4
  1899 | D:3      | Reached skill level 5 in Axes
  2092 | D:3      | Noticed Robin
  2328 | D:4      | Reached XP level 5. HP: 10/46 MP: 5/5
  2797 | D:3      | Killed Robin
  3305 | D:3      | Identified the +3 leather armour of Parsimonious Happiness
                  | {rCorr Int+4 Dex+3}
  3461 | D:3      | Found a runed translucent gate.
  3461 | D:3      | Found a runed translucent gate.
  3462 | D:3      | Found a runed translucent gate.
  3463 | D:3      | Noticed devnull's ghost (amateur DsNe)
  3463 | D:3      | Noticed booth's ghost (weakling DsGl)
  3463 | D:3      | Noticed rakiston's ghost (amateur MfIE)
  3497 | D:4      | Noticed a black bear
  3720 | D:4      | Killed a black bear
  3721 | D:4      | Reached skill level 5 in Fighting
  3721 | D:4      | Reached skill level 6 in Axes
  3721 | D:4      | Reached XP level 6. HP: 29/56 MP: 6/6
  3951 | D:4      | Found Sajawk's Magic Scroll Boutique.
  4101 | D:4      | Found an ornate altar of the Wu Jian Council.
  4294 | D:4      | Mangled by a gnoll

Illustrated notes

Levels and vault maps discovered:
D:1:      saegor_arrival_fortress, layout_loops_ring, serial_shops,
          nicolae_shop_crystal, shapermc_ecumenical_altar_hornbeckon
D:2:      layout_loops_ring
D:3:      minmay_angry_zag, layout_loops_ring, gammafunk_ghost_cemetery,
          uniq_robin
D:4:      layout_gridville, nzn_wu_jian_contemplation, serial_shops,
          nicolae_shop_trees, minmay_crystal_room, uniq_sigmund

Skill      XL: |  1  2  3  4  5  6 |
---------------+-------------------+-----
Armour         | 1 2 3 4 |  4.2
Fighting       | 3 4 5 |  5.4
Axes           | 5 6 |  6.0
Throwing       | |  1.7
Dodging        | |  2.4

Action                   |  1- 3 |  4- 6 || total
-------------------------+-------+-------++-------
Melee: War axe           |   100 |   142 ||   242
       Punch             |       |     1 ||     1
  Use: Scroll            |       |     4 ||     4
 Stab: Sleeping          |       |     1 ||     1
Armor: Leather armour    |    53 |    87 ||   140
Dodge: Dodged            |    93 |   137 ||   230
